 Dungeon Crawl Stone Soup version 0.22-a0-185-ge330310 (webtiles) character file.

81 vishdafish the Skirmisher (level 4, 32/35 HPs)
             Began as a Demonspawn Fighter on Feb 15, 2018.
             Quit the game on level 2 of the Dungeon.
             The game lasted 00:02:31 (1421 turns).

vishdafish the Skirmisher (Demonspawn Fighter)      Turns: 1421, Time: 00:02:32

Health: 32/35      AC:  6    Str: 16    XL:     4   Next: 19%
Magic:  4/4        EV:  8    Int: 10    God:
Gold:   60         SH:  8    Dex: 13    Spells: 3/3 levels left

rFire    . . .     SeeInvis .   a - +0 long sword
rCold    . . .     Gourm    .   c - +0 shield
rNeg     . . .     Faith    .   b - +0 scale mail
rPois    .         Spirit   .   (no helmet)
rElec    .         Reflect  .   (no cloak)
rCorr    .         Harm     .   (no gloves)
MR       .....                  (no boots)
Stlth    ..........             (no amulet)
HPRegen  0.11/turn              (no ring)
MPRegen  0.09/turn              (no ring)

@: no status effects
A: repulsion field 1, demonic guardian 1, spiny 1
a: no special abilities


You were on level 2 of the Dungeon.
You were near starving.

You visited 1 branch of the dungeon, and saw 2 of its levels.

You collected 60 gold pieces.

Inventory:

Hand Weapons
 a - a +0 long sword (weapon)
Armour
 b - a +0 scale mail (worn)
 c - a +0 shield (worn)
Scrolls
 e - 4 scrolls of remove curse {unknown}
 i - a scroll of immolation {unknown}
 j - a scroll of enchant armour {unknown}
 l - a scroll of teleportation {unknown}
 n - a scroll of magic mapping {unknown}
Potions
 d - a potion of might
 g - a potion of resistance {unknown}
 h - 2 potions of mutation {unknown}
 k - 2 potions of curing {unknown}
 m - a potion of heal wounds {unknown}
Comestibles
 f - 3 rations


   Skills:
 + Level 3.4 Fighting
 + Level 3.1 Long Blades
 + Level 3.2 Armour
 + Level 2.9 Shields


You had 3 spell levels left.
You didn't know any spells.

Dungeon Overview and Level Annotations

Branches:
Dungeon (2/15)

Altars:
Fedhas
Kikubaaqudgha


Innate Abilities, Weirdness & Mutations

You are surrounded by a mild repulsion field. (EV +2)
A weak demonic guardian rushes to your aid.
You are partially covered in sharp spines.


Message History

The gnoll is almost dead.
The gnoll hits you with a spear.
You hit the gnoll but do no damage.
The gnoll is almost dead.
You block the gnoll's attack. The gnoll is struck by your spines.
You kill the gnoll!
You have reached level 4!
You feel agile.
Your demonic ancestry asserts itself...
You feel the presence of a demonic guardian.
You start resting.
HP restored.
You climb downwards.
The gnoll is struck by your spines. The gnoll hits you with a spear.
There is a stone staircase leading up here.
You slash the gnoll!
The gnoll is severely wounded.
The gnoll is struck by your spines. The gnoll hits you with a spear.
The gnoll is struck by your spines.
You kill the gnoll!
Are you sure you want to abandon this character and quit the game? (Confirm with "yes".)

.........###.### #g#
....g....###(# #.#
.............#
####g#
.#†##.##.#####
#....# .#.##.##.#
#####.####
.#.#...#.###.......#
.#..^.......[###.###
.###...#.##### #)#
.# ##.##.# #@# .#
#.##.# #.# ## # ##.#
#.# .. ..# #.# ###
### #.# #.# #.# #.#
..#


There were no monsters in sight!

Vanquished Creatures
  4 gnolls
  An adder (D:2)
  A dart slug (D:2)
  A ball python (D:2)
  3 giant cockroaches
  7 hobgoblins
  A quokka (D:2)
  4 bats (D:1)
  3 goblins
  2 kobolds (D:1)
  3 rats (D:2)
30 creatures vanquished.

Vanquished Creatures (others)
  6 toadstools (D:2)
6 creatures vanquished.

Grand Total: 36 creatures vanquished

Notes
Turn   | Place    | Note
-------+----------+-------------------------------------------
     0 | D:1      | vishdafish the Demonspawn Fighter began the quest for the Orb.
     0 | D:1      | Reached XP level 1. HP: 18/18 MP: 1/1
   405 | D:1      | Gained mutation: You are partially covered in sharp spines. [demonic ancestry]
   405 | D:1      | Reached XP level 2. HP: 22/24 MP: 2/2
   976 | D:2      | Found an ancient bone altar of Kikubaaqudgha.
   981 | D:2      | Found a blossoming altar of Fedhas.
  1029 | D:2      | Gained mutation: You are surrounded by a mild repulsion field. (EV +2) [demonic ancestry]
  1029 | D:2      | Reached XP level 3. HP: 27/29 MP: 3/3
  1380 | D:1      | Gained mutation: A weak demonic guardian rushes to your aid. [demonic ancestry]
  1380 | D:1      | Reached XP level 4. HP: 31/35 MP: 4/4
  1421 | D:2      | Quit the game

Vault maps used:
D:1:      zelgadis_glass_arrival_large
D:2:      cheibrodos_fertilizer, grunt_temple_overflow_growth_and_decay,
          lightli_temple_of_fire

Skill      XL: |  1  2  3 |
---------------+----------+-----
Long Blades    | 2 3 |  3.1
Armour         | 3 |  3.2
Fighting       | |  3.4
Shields        | |  2.9

Action                   |  1- 3 |  4- 6 || total
-------------------------+-------+-------++-------
Melee: Long sword        |    80 |     1 ||    81
Armor: Scale mail        |    27 |       ||    27
Dodge: Dodged            |    27 |       ||    27
Block: Shield            |    35 |       ||    35
       Rpst.: Long sword |    10 |       ||    10

Table legend:
 A = Spawn XP
 B = Non-spawn XP
 C = Spawn XP percentage of total XP
 D = Spawn monster count
 E = Non-spawn monster count
 F = Spawn count percentage of total count
 G = Total turns spent on level
                    A         B        C        D         E        F      G
               +---------+---------+-------+---------+---------+-------+---------
         Total |       0 |     116 |   0.0 |       0 |      30 |   0.0 |  1421
               +---------+---------+-------+---------+---------+-------+---------
           D:1 |       0 |      52 |   0.0 |       0 |      16 |   0.0 |   920
           D:2 |       0 |      64 |   0.0 |       0 |      14 |   0.0 |   501
               +---------+---------+-------+---------+---------+-------+---------
